 Dungeon Crawl Stone Soup version 0.28.0-53-g5a82cb258f (console) character file.

Game seed: 9313166810572003079

687858 erker the Black Belt (level 27, -10/176 (195) HPs)
             Began as an Octopode Earth Elementalist on July 30, 2022.
             Was the Champion of the Shining One.
             Mangled by an iron giant
             ... wielding a +0 giant club
              (46 damage)
             ... on level 7 of the Iron City of Dis on Aug 2, 2022.
             The game lasted 08:35:36 (77993 turns).

erker the Black Belt (Octopode Earth Elementalist) Turns: 77993, Time: 08:35:38

HP:   -10/176 (195) AC: 23    Str: 16 (28) XL:     27
MP:   56/56         EV: 30    Int: 39 (43) God:    the Shining One [******]
Gold: 5620          SH:  0    Dex:  9 (16) Spells: 37/66 levels left

rFire   + . .      SeeInvis +     - Unarmed
rCold   + + .      Faith    .   (shield currently unavailable)
rNeg    + + +      Spirit   .   (helmet currently unavailable)
rPois   ∞          Reflect  .   M - amulet of magic regeneration
rElec   +          Harm     .   Z - ring of magical power
rCorr   +          Rampage  .   o - +4 ring of protection
Will    +++++                   K - ring "Tayliokh" {+Blink Will+ rCorr SInv}
Stlth   +++.......              X - ring "Qeofylag" {rC+ Will++ Dex+3}
HPRegen 0.39/turn               I - ring "Waulolau" {*Corrode AC+4 Str+9 Int+2 SInv}
MPRegen 0.75/turn               y - ring "Cenniel" {Contam Str+6 Int+6}
                                C - ring of Quochaaj {rF+ Int+6 SInv}
                                S - ring of Pupheim {rC+ Str+4 Stlth+}

@: mighty, storm-form, silenced, blinkbolt cooldown, flying, glowing, studying
Staves, drained, corroded, very slow
A: cleaving, flying, almost no armour, amphibious, 8 rings, (camouflage 1),
(gelatinous body 1), (nimble swimmer 1), (tentacles)
}: 5/15 runes: barnacled, slimy, silver, abyssal, gossamer
a: Blinkbolt, End Transformation, Renounce Religion, Evoke Blink


You were on level 7 of the Iron City of Dis.
You worshipped the Shining One.
The Shining One was exalted by your worship.
You were a lightning-filled tempest!
You visited 13 branches of the dungeon, and saw 60 of its levels.
You visited the Abyss 2 times.
You also visited: Trove and Sewer.

You collected 15210 gold pieces.
You spent 4817 gold pieces at shops.
You paid 4773 gold pieces to Gozag.

Inventory:

Hand Weapons
 a - a +2 dagger of flaming
Missiles
 B - a curare-tipped dart (quivered)
Armour
 r - the +3 warlock's mirror {reflect}
   (You acquired it on level 6 of the Lair of Beasts)

   It can block and reflect piercing ranged attacks and magical attacks against
   the wielder's willpower.
 W - an orb of guile (melded)
Magical Staves
 b - a staff of air (melded)
Jewellery
 k - the ring "Wabbohe" {EV+4 Int+3 Stlth+}
   (You found it on level 5 of the Pits of Slime)

   [ring of evasion]

   EV:        It affects your evasion (+4).
   Int:       It affects your intelligence (+3).
   Stlth:     It makes you more stealthy.
 o - a +4 ring of protection (right fist)
 y - the ring "Cenniel" (on tentacle) {Contam Str+6 Int+6}
   (You took it off a deep elf annihilator on level 3 of the Elven Halls)

   [ring of intelligence]

   Str:       It affects your strength (+6).
   Int:       It affects your intelligence (+6).
   Contam:    It causes magical contamination when unequipped.
 C - the ring of Quochaaj (on tentacle) {rF+ Int+6 SInv}
   (You bought it in a shop on level 6 of the Lair of Beasts)

   [ring of intelligence]

   Int:       It affects your intelligence (+6).
   rF:        It protects you from fire.
   SInv:      It lets you see invisible.
 D - the ring of Omituxzang {Wiz rCorr Str+4 Dex-4}
   (You found it on level 3 of the Crypt)

   [ring of wizardry]

   It improves your spell success rate.
   Str:       It affects your strength (+4).
   Dex:       It affects your dexterity (-4).
   rCorr:     It protects you from acid and corrosion.
 G - a ring of magical power
 I - the ring "Waulolau" (on tentacle) {*Corrode AC+4 Str+9 Int+2 SInv}
   (You bought it in a shop on level 2 of the Orcish Mines)

   [ring of protection]

   AC:        It affects your AC (+4).
   Str:       It affects your strength (+9).
   Int:       It affects your intelligence (+2).
   SInv:      It lets you see invisible.
   *Corrode:  It may corrode you when you take damage.
 K - the ring "Tayliokh" (on tentacle) {+Blink Will+ rCorr SInv}
   (You bought it in a shop on level 6 of the Lair of Beasts)

   [ring of see invisible]

   SInv:      It lets you see invisible.
   +Blink:    It lets you blink.
   rCorr:     It protects you from acid and corrosion.
   Will:      It increases your willpower.
 M - an amulet of magic regeneration (around neck)
 R - a ring of positive energy
 S - the ring of Pupheim (on tentacle) {rC+ Str+4 Stlth+}
   (You took it off a deep elf sorcerer on level 3 of the Elven Halls)

   [ring of protection from cold]

   Str:       It affects your strength (+4).
   rC:        It protects you from cold.
   Stlth:     It makes you more stealthy.
 X - the ring "Qeofylag" (on tentacle) {rC+ Will++ Dex+3}
   (You took it off a deep elf sorcerer on level 3 of the Elven Halls)

   [ring of protection from cold]

   Dex:       It affects your dexterity (+3).
   rC:        It protects you from cold.
   Will:      It greatly increases your willpower.
 Z - a ring of magical power (left fist)
Wands
 s - a wand of digging (15)
 A - a wand of charming (13)
 H - a wand of acid (2)
Scrolls
 d - a scroll of acquirement
 f - 16 scrolls of teleportation
 g - 10 scrolls of fear
 h - 7 scrolls of magic mapping
 q - 8 scrolls of fog
 t - 3 scrolls of silence
 v - 6 scrolls of summoning
 E - 22 scrolls of identify
 F - 7 scrolls of vulnerability
 N - 10 scrolls of blinking
 T - 12 scrolls of amnesia
 Y - 4 scrolls of holy word
Potions
 c - 7 potions of resistance
 e - 9 potions of haste
 i - 17 potions of curing
 j - 6 potions of might
 p - 12 potions of brilliance
 w - 8 potions of mutation
 x - 6 potions of ambrosia
 z - 6 potions of invisibility
 U - a potion of attraction
Miscellaneous
 l - a box of beasts (inert)
 m - a condenser vane
 n - a phantom mirror
 u - a tin of tremorstones (2/2)
 O - a phantom mirror
 P - a lightning rod (4/4)
 Q - a phantom mirror
 V - a phantom mirror


   Skills:
 - Level 18.0 Fighting
 - Level 4.0 Short Blades
 + Level 16.5 Dodging
 - Level 16.0 Stealth
 - Level 6.0 Shields
 - Level 20.0 Unarmed Combat
 - Level 20.0 Spellcasting
 - Level 10.0 Translocations
 - Level 18.0 Transmutations
 - Level 18.0 Air Magic
 - Level 12.0 Earth Magic
 - Level 6.0 Poison Magic
 + Level 10.6 Invocations
 - Level 8.0 Evocations


You had 37 spell levels left.
You knew the following spells:

 Your Spells              Type           Power      Damage    Failure   Level
m - Manifold Assault      Tloc           86%        N/A       1%          5
p - Petrify               Tmut/Erth      100%       N/A       0%          4
s - Statue Form           Tmut/Erth      68%        N/A       1%          6
v - Storm Form            Tmut/Air       54%        N/A       1%          7
w - Passwall              Tmut/Erth      85%        N/A       0%          2
x - Alistair's Intoxicat  Tmut/Pois      62%        N/A       1%          5

Your spell library contained the following spells:

 Spells                   Type           Power      Damage    Failure   Level
 Beastly Appendage        Tmut           100%       N/A       0%          1
 Sandblast                Erth           100%       2d20      0%          1
 Shock                    Conj/Air       100%       1d9       0%          1
 Sting                    Tmut/Pois      100%       1d8       0%          1
 Blink                    Tloc           100%       N/A       0%          2
 Poisonous Vapours        Pois/Air       100%       N/A       0%          2
 Swiftness                Air            100%       N/A       0%          3
 Airstrike                Air            54%        N/A       0%          4
 Blade Hands              Tmut           54%        N/A       0%          5
 Animate Skeleton         Necr           78%        N/A       1%          1
 Foxfire                  Conj/Fire      100%       2x1d9     1%          1
 Freeze                   Ice            100%       1d11      1%          1
 Magic Dart               Conj           100%       1d8       1%          1
 Pain                     Necr           100%       1d9       1%          1
 Slow                     Hex            100%       N/A       1%          1
 Corpse Rot               Necr/Air       100%       N/A       1%          2
 Scorch                   Fire           78%        2d8       1%          2
 Searing Ray              Conj           78%        2d7       1%          2
 Static Discharge         Conj/Air       83%        N/A       1%          2
 Call Canine Familiar     Summ           39%        N/A       1%          3
 Confusing Touch          Hex            39%        N/A       1%          3
 Conjure Flame            Conj/Fire      39%        6-21      1%          3
 Dazzling Flash           Conj/Hex       78%        N/A       1%          3
 Frozen Ramparts          Ice            78%        1d9       1%          3
 Ignite Poison            Fire/Tmut/Pois 79%        N/A       1%          3
 Lesser Beckoning         Tloc           86%        N/A       1%          3
 Mephitic Cloud           Conj/Pois/Air  79%        N/A       1%          3
 Portal Projectile        Hex/Tloc       100%       N/A       1%          3
 Stone Arrow              Conj/Erth      100%       3d13      1%          3
 Summon Guardian Golem    Hex/Summ       39%        N/A       1%          3
 Teleport Other           Tloc           86%        N/A       1%          3
 Tukima's Dance           Hex            39%        N/A       1%          3
 Vampiric Draining        Necr           39%        2d8       1%          3
 Ice Form                 Ice/Tmut       83%        N/A       1%          4
 Iskenderun's Mystic Bla  Conj/Tloc      67%        2d14      1%          4
 Leda's Liquefaction      Hex/Erth       36%        N/A       1%          4
 Summon Lightning Spire   Summ/Air       83%        N/A       1%          4
 Borgnjor's Vile Clutch   Necr/Erth      36%        N/A       1%          5
 Freezing Cloud           Conj/Ice/Air   36%        6-21      1%          5
 Lee's Rapid Deconstruct  Erth           46%        3d23*     1%          5
 Lightning Bolt           Conj/Air       41%        1d60      1%          5
 Silence                  Hex/Air        41%        N/A       1%          5
 Yara's Violent Unravell  Hex/Tmut       41%        3d16      1%          5
 Dispersal                Tloc           43%        N/A       1%          6
 Dragon Form              Tmut           54%        N/A       1%          7
 Conjure Ball Lightning   Conj/Air       41%        3x3d13    2%          6
 Maxwell's Capacitive Co  Air            54%        ∞         2%          8
 Anguish                  Hex/Necr       19%        N/A       7%          4
 Animate Dead             Necr           19%        N/A       7%          4
 Cause Fear               Hex            19%        N/A       7%          4
 Dispel Undead            Necr           39%        3d16      7%          4
 Flame Wave               Conj/Fire      39%        2d9       7%          4
 Fulminant Prism          Conj/Hex       19%        3d11      7%          4
 Hailstorm                Conj/Ice       39%        3d9       7%          4
 Sticky Flame             Conj/Fire      39%        2d6       7%          4
 Summon Ice Beast         Ice/Summ       39%        N/A       7%          4
 Iron Shot                Conj/Erth      36%        9d7       9%          6
 Agony                    Necr           39%        N/A       19%         5
 Excruciating Wounds      Necr           19%        N/A       19%         5
 Fireball                 Conj/Fire      19%        3d9       19%         5
 Iskenderun's Battlesphe  Conj           39%        2d9       19%         5
 Metabolic Englaciation   Hex/Ice        19%        N/A       19%         5
 Summon Mana Viper        Hex/Summ       39%        N/A       19%         5
 Disjunction              Tloc           43%        N/A       58%         8
 Simulacrum               Ice/Necr       19%        N/A       71%         6
 Summon Cactus Giant      Summ           19%        N/A       71%         6
 Necromutation            Tmut/Necr      41%        N/A       73%         8
 Enfeeble                 Hex            19%        N/A       99%         7
 Orb of Destruction       Conj           19%        9d8       99%         7
 Ozocubu's Refrigeration  Ice            19%        4d8       99%         7
 Spellforged Servitor     Conj/Summ      19%        N/A       99%         7
 Shatter                  Erth           46%        3d36*     99%         9
 Discord                  Hex            19%        N/A       100%        8
 Infestation              Necr           19%        N/A       100%        8
 Chain Lightning          Conj/Air       41%        3d55      100%        9
 Death's Door             Necr           19%        N/A       100%        9
 Dragon's Call            Summ           19%        N/A       100%        9


Dungeon Overview and Level Annotations

Branches:
Dungeon (15/15)            Temple (1/1) D:6            Lair (6/6) D:10
 Shoals (4/4) Lair:2       Spider (4/4) Lair:2        Slime (5/5) Lair:6
    Orc (2/2) D:9             Elf (3/3) Orc:2        Vaults (5/5) D:13
  Crypt (3/3) Vaults:2       Tomb (0/3) Crypt:3      Depths (4/4) D:15
   Hell (visited)             Dis (7/7) Hell            Geh (0/7) Hell
    Coc (0/7) Hell            Tar (0/7) Hell            Zot (0/5) Depths:4
  Sewer (visited)

Altars:
Ashenzari
Cheibriados
Dithmenos
Elyvilon
Fedhas
Gozag
Hepliaklqana
Kikubaaqudgha
Makhleb
Nemelex Xobeh
Okawaru
Qazlal
Ru
Sif Muna
Trog
Uskayaw
Vehumet
Wu Jian
Xom
Yredelemnul
Zin
The Shining One
Beogh
Jiyva

Shops:
D:15 ::   Orc:2 =(?*   Lair:6 ==   Shoals:1 *   Spider:4 *   Vaults:5 ==*?
Depths:1 (

Portals:
Hell: Depths:1 Depths:2 Depths:3 Depths:4
Abyss: Depths:2 Depths:3
Pandemonium: Depths:1 Depths:2 Depths:3
Ziggurat: Depths:2

Annotations:
D:4 2 exclusions
Elf:2 3 runed translucent doors
Depths:1 3 runed translucent doors, Rauxtam's ghost, veteran HuFi


Innate Abilities, Weirdness & Mutations

You are a lightning-filled tempest!
Your electrical attacks strike out in all directions at once.
You are incredibly evasive.
You are flying.
You are immune to poison.
Your armour is entirely melded.
You are incapable of wielding weapons or throwing items.
You cannot wear most types of armour.
You are amphibious.
You can wear up to eight rings at the same time.
((Your skin changes colour to match your surroundings (Stealth+).))
((Your rubbery body absorbs attacks. (AC +1, EV +1)))
((You are camouflaged when in or above water. (Stealth+)))
((You have tentacles for arms and can constrict up to eight enemies at once.))


Message History

Your juvenile shockfire beast bursts into living lightning!
The living lightning hits the iron giant.
Your juvenile shockfire beast blinks!
Okay, then.
Unknown command.
Unknown command.
Unknown command.
Unknown command.
Unknown command.
Unknown command.
Okay, then.
Unknown command.
Unknown command.
Magic scrolls do not work when you're silenced!
You feel much better.
Aiming: Corrosive Bolt
Press: ? - help, Shift-Dir - straight line, f - iron giant
Aim: an iron giant, wielding a +0 giant club (silenced, lightly wounded, haloed, 100% to hit)
The bolt of acid hits the iron giant!
The acid corrodes the iron giant!
The iron giant is lightly wounded.
You completely miss the iron giant.
The iron giant is lightly wounded.
You buffet the iron giant!
You punch the iron giant.
The iron giant is lightly wounded.
You feel stable enough to blink again.
The iron giant hits you with a +0 giant club.
* * * LOW HITPOINT WARNING * * *
You feel very mighty all of a sudden. The iron giant closely misses you.
You blast the iron giant!!!
The iron giant is heavily wounded.
The iron giant hits you with a +0 giant club.
* * * LOW HITPOINT WARNING * * *
You hit the iron giant but do no damage.
Lightning courses through the iron giant!
The iron giant is heavily wounded.
You blast the iron giant!!!
You punch the iron giant.
The iron giant is severely wounded.
The iron giant hits you with a +0 giant club!!!
You die...

,,,*,,,**,,,+.#....#,*,,,,*
,,,*,,,**,,,#.#....*,#,,,,*
,,,*,,,**,,,#.#...,*.#,,,,*
+***,,,######.##)###.#,,,,*
.,,*,,,#.............##'***
...##+##........)..)....,,*
.........).....H........,,*
*#.....))###'###C.......,,*
,#.......#.....#v...##'#*,*
,#######.#.....#.####,,,*,*
,*#....#.#.....#.'..#,,,*,*
,*#....'.#.....#.#..#,,,*,*
,*#....#.#.....#.#..#,,,*,*
######'####################
..#.#......#..#..#...#....#
..#.#......#..#..'...#....#
..'.#......#..'..#...#....#


You could see an iron giant (corroded, ally target) and a friendly juvenile
shockfire beast (summoned).

Vanquished Creatures
  the Royal Jelly (Slime:5)
  A dread lich (Vaults:5)
  4 ancient liches
  A juggernaut (Dis:7)
  Bai Suzhen (Shoals:4)
  Frederick (Vaults:5)
  Xtahua (Vaults:3)
  Geryon (Hell)
  22 caustic shrikes
  2 golden dragons (Vaults:5)
  5 bone dragons
  18 iron giants
  3 tentacled monstrosities
  Mlioglotl (Shoals:1)
  8 liches
  A tainted leviathan (Hell)
  17 Hell Sentinels
  Asterion (Depths:2)
  2 deep elf master archers (Elf:3)
  4 deep elf blademasters
  2 quicksilver dragons (Vaults:5)
  A kraken (Shoals:2)
  3 titans
  22 acid blobs
  6 sphinxes
  Murray (Hell)
  10 ancient champions
  6 tentacled starspawn
  Polyphemus (Shoals:3)
  8 storm dragons
  A thorn hunter (Abyss:5)
  3 tengu reavers
  3 shadow dragons
  11 rockslimes
  A draconian monk (Depths:4)
  12 azure jellies
  3 revenants (Crypt:2)
  7 fire giants
  A draconian knight (Depths:4)
  10 quicksilver elementals
  A daeva (Abyss:1)
  Donald (Elf:2)
  11 frost giants
  Aizul (Vaults:2)
  9 deep elf sorcerers
  14 vault wardens
  2 balrugs
  4 iron dragons
  A draconian scorcher (Depths:4)
  A curse skull (Crypt:3)
  An orc warlord (Elf:3)
  A deep elf elementalist (Elf:3)
  16 ironbound preservers
  6 ghost moths
  8 emperor scorpions
  2 cacodemons
  10 ghouls
  A broodmother (Spider:3)
  6 reapers
  9 deep elf demonologists
  6 ironbound thunderhulks
  26 war gargoyles
  11 quicksilver oozes
  8 vampire knights
  19 very ugly things
  8 deep elf annihilators
  19 stone giants
  19 dire elephants
  A black draconian (Depths:4)
  A green draconian (Depths:4)
  An entropy weaver (Vaults:3)
  Nessos (Orc:2)
  3 putrid mouths (Hell)
  2 purple draconians (Depths:4)
  2 yellow draconians
  12 spark wasps
  A lorocyproca (Abyss:3)
  A red draconian (Depths:4)
  A spark wasp (shapeshifter) (D:15)
  13 deep elf death magi
  7 merfolk javelineers
  13 merfolk impalers
  A quicksilver dragon zombie (Crypt:3)
  22 iron golems
  2 blizzard demons
  15 ettins
  4 eidola
  13 jiangshi
  14 yaktaur captains
  5 fire dragons
  3 deep elf high priests
  Josephine (Lair:4)
  A naga warrior (Abyss:3)
  8 boulder beetles
  28 vault guards
  6 rakshasas
  12 great orbs of eyes
  A hydra (shapeshifter) (Vaults:5)
  4 ice dragons
  12 hydras
  3 spriggan air magi
  A peacekeeper (Vaults:4)
  15 centaur warriors
  Erica (Orc:1)
  5 ogre magi
  A catoblepas (Shoals:3)
  2 death knights
  8 ironbound frosthearts
  A fenstrider witch skeleton (Crypt:1)
  5 merfolk aquamancers (Shoals:4)
  20 dancing weapons
  2 radroaches
  16 two-headed ogres
  6 death yaks
  4 satyrs
  An anaconda (shapeshifter) (Elf:3)
  10 deep troll earth magi
  6 deep troll shamans
  A death scarab (Spider:4)
  3 hell hogs (Hell)
  9 tengu warriors
  8 vampire magi
  20 thrashing horrors
  2 orc high priests (Elf:3)
  5 soul eaters
  7 sun demons (Hell)
  A storm dragon zombie (Crypt:1)
  A titan zombie (Crypt:2)
  10 deep elf knights
  4 spriggan berserkers
  14 hell knights
  10 crystal echidnas
  24 skeletal warriors
  10 wretched stars
  3 sixfirhies
  A sun moth (Lair:2)
  8 pharaoh ants
  7 iron trolls
  A salamander mystic (Depths:2)
  6 sea snakes
  2 anaconda zombies
  7 shadow wraiths
  4 spatial maelstroms
  14 glowing orange brains
  A shadow demon (Abyss:5)
  A bog body (Crypt:2)
  4 steelbarb worms
  2 spriggan simulacra (Crypt:1)
  11 orb spiders
  9 deep elf archers
  51 deep trolls
  8 flayed ghosts
  5 harpies (Shoals:2)
  A golden dragon skeleton (Abyss:3)
  2 anaconda skeletons
  10 wizards
  17 phantasmal warriors
  6 necromancers
  7 lindwurms
  23 deep elf zephyrmancers
  12 large abominations
  25 deep elf pyromancers
  15 orc knights
  A wolf spider (shapeshifter) (D:15)
  A tengu skeleton (Hell)
  An orc sorcerer (Orc:1)
  17 ironbound convokers
  21 cyclopes
  43 ugly things
  2 moths of wrath
  21 wolf spiders
  6 fauns (Shoals:2)
  A jorogumo skeleton (Crypt:2)
  A cyclops (shapeshifter) (Vaults:5)
  6 shining eyes
  11 elephants
  6 salamanders
  A moth of wrath (shapeshifter) (Vaults:5)
  A naga zombie (Crypt:1)
  A guardian serpent (Abyss:3)
  8 manticores
  4 worldbinders
  8 torpor snails
  2 apocalypse crabs (Abyss:5)
  7 water nymphs
  Maurice (D:8)
  12 smoke demons
  3 ice statues
  4 rust devils
  6 merfolk sirens
  A naga mage (Abyss:3)
  23 eyes of devastation
  6 black mambas
  A dire elephant zombie (Crypt:3)
  4 orange demons
  6 gargoyles
  21 vault sentinels
  A shock serpent skeleton (Crypt:1)
  3 centaur skeletons
  Maggie (D:6)
  13 cane toads
  5 efreet
  8 hellions
  2 sea snake zombies (Hell)
  2 unseen horrors
  14 demonic crawlers
  5 freezing wraiths
  21 yaktaurs
  A kobold demonologist (D:13)
  3 rime drakes
  5 tengu conjurers
  2 komodo dragons
  A komodo dragon (shapeshifter) (Elf:2)
  6 hellwings
  2 spriggan skeletons
  14 ice devils
  6 tormentors
  7 red devils
  2 guardian mummies (Elf:2)
  A red draconian skeleton (Crypt:2)
  12 meliai
  3 harpy zombies (Crypt:3)
  25 merfolk
  10 ancient zymes
  A silent spectre (Abyss:4)
  2 hydra zombies (Hell)
  3 polar bears (Lair:6)
  6 hornets
  15 trolls
  5 snapping turtles
  12 wind drakes
  A sea snake skeleton (Hell)
  Grinder (D:4)
  4 spriggan zombies
  23 dream sheep
  31 tarantellas
  3 hydra skeletons
  An ice dragon zombie (Crypt:1)
  18 raiju
  116 slime creatures
  2 harpy skeletons (Crypt:3)
  8 blink frogs
  3 shadows (Crypt:3)
  A black mamba zombie (Crypt:3)
  33 water elementals
  15 air elementals
  22 jumping spiders
  A wyvern (D:7)
  An ettin skeleton (Crypt:1)
  A vampire (Crypt:3)
  14 spriggans
  7 starcursed masses
  A boulder beetle zombie (Crypt:1)
  17 culicivoras
  13 wraiths
  54 yaks
  2 ynoxinuls
  4 fire elementals
  45 redbacks
  8 basilisks
  6 chaos spawn
  30 golden eyes
  3 neqoxecs
  A steam dragon (D:8)
  5 vampire mosquitoes (D:13)
  17 spatial vortices
  9 small abominations
  4 wargs (Orc:1)
  2 acid dragons
  A harpy simulacrum (Hell)
  2 floating eyes
  A floating eye (shapeshifter) (Elf:2)
  A hydra simulacrum (Abyss:4)
  15 water moccasins
  A naga skeleton (Crypt:3)
  13 hell hounds (Hell)
  A black bear (shapeshifter) (D:14)
  Pargi (Sewer)
  2 sky beasts
  An ice beast (D:8)
  5 black bears
  A black mamba simulacrum (Crypt:1)
  44 orc warriors
  24 ogres
  25 wolves
  2 necrophages (Crypt:2)
  6 centaurs
  16 boggarts
  A wolf (shapeshifter) (D:14)
  A hog skeleton (Crypt:1)
  A kobold brigand (D:7)
  14 bullfrogs
  3 scorpions
  A wyvern zombie (D:8)
  An earth elemental (Elf:1)
  A cyclops zombie (Crypt:1)
  19 killer bees
  6 wights
  11 electric eels
  8 howler monkeys
  6 crimson imps (Abyss:5)
  A vampire bat (D:15)
  2 bullfrog zombies (D:5)
  A wolf zombie (Crypt:2)
  A quasit (Abyss:1)
  5 centaur zombies
  2 hounds
  3 jellies
  19 orc priests
  5 iguanas
  18 orc wizards
  2 hell rats (Hell)
  A hound zombie (Crypt:2)
  3 hound skeletons
  A howler monkey zombie (D:8)
  4 adders
  4 white imps
  6 ufetubi (D:9)
  An adder skeleton (D:5)
  2 worms (D:2)
  4 dart slugs
  112 orcs
  10 ball pythons
  12 bats
  6 endoplasms
  9 giant cockroaches
  9 goblins
  5 hobgoblins
  16 jackals
  4 quokkas
  7 frilled lizards
  A frilled lizard zombie (Crypt:1)
  A jackal skeleton (Crypt:2)
  16 kobolds
  12 rats
  2 creeping infernos (Hell)
  7 fire vortices (Hell)
  3 lurking horrors
  3 starspawn tentacles
  2 tentacles (Shoals:2)
2699 creatures vanquished.

Vanquished Creatures (others)
  A deep elf knight (Elf:1)
  An unseen horror (D:12)
  A redback (Spider:4)
  An orc warrior (Elf:3)
  2 hell rats (Hell)
  An ufetubus (D:9)
  An orc (Orc:2)
  43 fungi
  98 plants
  7 starspawn tentacles
  2 tentacles (Shoals:2)
  35 withered plants (Crypt:3)
193 creatures vanquished.

Grand Total: 2892 creatures vanquished

Notes
Turn   | Place    | Note
-------+----------+-------------------------------------------
     0 | D:1      | erker the Octopode Earth Elementalist began the quest for
                  | the Orb.
     0 | D:1      | Reached XP level 1. HP: 11/11 MP: 3/3
   229 | D:1      | Reached XP level 2. HP: 13/17 MP: 3/5
   232 | D:1      | Learned a level 2 spell: Passwall
   435 | D:1      | Reached skill level 1 in Short Blades
   659 | D:1      | Reached XP level 3. HP: 11/21 MP: 4/6
  1284 | D:2      | Reached XP level 4. HP: 11/27 MP: 1/7
  1492 | D:2      | Found a faded altar of an unknown god.
  2485 | D:3      | Got the Incunabulum of Viperous Ice
  2727 | D:3      | Reached XP level 5. HP: 31/31 MP: 8/8
  3368 | D:3      | Learned a level 4 spell: Petrify
  3633 | D:4      | Found a glowing drain.
  3712 | Sewer    | Entered a sewer
  3894 | Sewer    | Noticed Pargi
  3925 | Sewer    | Killed Pargi
  3926 | Sewer    | Reached skill level 5 in Earth Magic
  3926 | Sewer    | Reached XP level 6. HP: 36/36 MP: 5/9
  4088 | D:4      | Noticed Grinder
  4100 | D:4      | Killed Grinder
  4101 | D:4      | Reached XP level 7. HP: 36/41 MP: 3/10
  4495 | D:5      | Entered Level 5 of the Dungeon
  4521 | D:5      | Found a sacrificial altar of Ru.
  4537 | D:5      | Found a shimmering altar of Xom.
  4563 | D:5      | Found a stormy altar of Qazlal.
  4621 | D:5      | Reached skill level 5 in Transmutations
  4809 | D:5      | Reached XP level 8. HP: 46/46 MP: 3/11
  5994 | D:6      | Noticed a gargoyle
  6066 | D:6      | Noticed Maggie
  6070 | D:6      | Found a staircase to the Ecumenical Temple.
  6079 | Temple   | Entered the Ecumenical Temple
  6189 | Temple   | Became a worshipper of Gozag Ym Sagoz the Greedy
  6642 | D:7      | Noticed a wyvern
  7035 | D:7      | Reached XP level 9. HP: 51/51 MP: 9/12
  7721 | D:8      | Found a shimmering blue altar of Sif Muna.
  7742 | D:8      | Reached skill level 5 in Stealth
  7828 | D:8      | Found a shadowy altar of Dithmenos.
  7830 | D:8      | Found a burning altar of Makhleb.
  8391 | D:8      | Reached skill level 1 in Fighting
  8668 | D:8      | Noticed Maurice
  8678 | D:8      | Killed Maurice
  8679 | D:8      | Reached XP level 10. HP: 60/60 MP: 12/16
  9359 | D:9      | Learned a level 6 spell: Statue Form
  9401 | D:9      | Noticed an unseen horror
  9410 | D:9      | Killed an unseen horror
  9990 | D:9      | Reached skill level 10 in Transmutations
  9990 | D:9      | Reached skill level 10 in Earth Magic
 10244 | D:9      | Reached skill level 5 in Spellcasting
 10469 | D:9      | Found a staircase to the Orcish Mines.
 10527 | D:9      | Reached XP level 11. HP: 62/64 MP: 10/20
 10967 | D:9      | Noticed a two-headed ogre
 10999 | D:9      | Killed a two-headed ogre
 11478 | D:10     | Entered Level 10 of the Dungeon
 11820 | D:10     | Noticed a cyclops
 11831 | D:10     | Killed a cyclops
 12067 | D:10     | Identified the +2 buckler "Nyvaypsujug" {Harm Str+2 Dex+3}
 12138 | D:10     | Found a blossoming altar of Fedhas.
 12138 | D:10     | Found an ornate altar of the Wu Jian Council.
 12360 | D:10     | Found a runed translucent door.
 12438 | D:10     | Found a staircase to the Lair.
 13055 | D:10     | Noticed an orc knight
 13126 | D:10     | Killed an orc knight
 13498 | D:11     | Noticed a two-headed ogre
 13508 | D:11     | Killed a two-headed ogre
 13509 | D:11     | Reached skill level 10 in Stealth
 13534 | D:11     | Identified the +3 leather armour of the Thoughtful Lives
                  | {rElec rPois Regen+ Stlth+}
 13651 | D:11     | Reached XP level 12. HP: 43/70 MP: 21/21
 14208 | D:11     | Noticed a two-headed ogre
 14216 | D:11     | Killed a two-headed ogre
 15561 | D:13     | Noticed a boulder beetle
 15571 | D:13     | Killed a boulder beetle
 15652 | D:13     | Noticed a two-headed ogre
 15675 | D:13     | Killed a two-headed ogre
 15677 | D:13     | Noticed a centaur warrior
 15756 | D:13     | Noticed a tengu warrior
 15766 | D:13     | Killed a tengu warrior
 16206 | D:13     | Noticed an eight-headed hydra
 16207 | D:13     | Noticed a two-headed ogre
 16208 | D:13     | Noticed a centaur warrior
 16222 | D:13     | Killed a two-headed ogre
 16233 | D:13     | Killed an eight-headed hydra
 16234 | D:13     | Reached skill level 1 in Unarmed Combat
 16234 | D:13     | Reached XP level 13. HP: 76/76 MP: 19/22
 16271 | D:13     | Noticed a rakshasa
 16619 | D:13     | Found a gate to the Vaults.
 17056 | Lair:1   | Entered Level 1 of the Lair of Beasts
 17115 | Lair:1   | Reached skill level 5 in Dodging
 18190 | Lair:2   | Found a hole to the Spider Nest.
 18436 | Lair:2   | Found a staircase to the Shoals.
 20189 | Lair:4   | Noticed Josephine
 20214 | Lair:4   | Reached XP level 14. HP: 85/85 MP: 25/25
 20220 | Lair:4   | Killed Josephine
 20230 | Lair:4   | Reached skill level 5 in Unarmed Combat
 20559 | Lair:4   | Reached skill level 15 in Transmutations
 21498 | Lair:5   | Identified a scroll of acquirement
 22315 | Lair:6   | Entered Level 6 of the Lair of Beasts
 23205 | Lair:6   | Found a staircase to the Slime Pits.
 23206 | Lair:6   | Found a viscous altar of Jiyva.
 23433 | Lair:6   | Reached skill level 5 in Fighting
 24124 | Lair:6   | Reached XP level 15. HP: 92/92 MP: 27/27
 24657 | Lair:6   | Bought the ring of Quochaaj {rF+ Int+6 SInv} for 1073 gold
                  | pieces
 24673 | Lair:6   | Bought the ring "Tayliokh" {+Blink Will+ rCorr SInv} for
                  | 603 gold pieces
 24683 | Lair:6   | Bought a +4 ring of protection for 504 gold pieces
 24687 | Lair:6   | Acquired the +3 warlock's mirror {reflect}
 24687 | Lair:6   | Found the +3 warlock's mirror {reflect}
 24716 | Lair:6   | Learned a level 5 spell: Alistair's Intoxication
 24960 | Orc:1    | Entered Level 1 of the Orcish Mines
 24986 | Orc:1    | Reached skill level 1 in Poison Magic
 25024 | Orc:1    | Noticed Erica
 25042 | Orc:1    | Killed Erica
 25583 | Orc:1    | Reached skill level 1 in Shields
 25814 | Orc:1    | Learned a level 7 spell: Dragon Form
 25833 | Orc:2    | Entered Level 2 of the Orcish Mines
 25833 | Orc:2    | Found Loax's Weapon Boutique.
 25911 | Orc:2    | Noticed Nessos
 27178 | Orc:2    | Found Besoask's General Store.
 27197 | Orc:2    | Found a staircase to the Elven Halls.
 27298 | Orc:2    | Found Tuos's Jewellery Shop.
 27299 | Orc:2    | Found Calecs's Magic Scroll Shop.
 27325 | Orc:2    | Killed Nessos
 27532 | Orc:2    | Bought the ring "Waulolau" {*Corrode AC+4 Str+9 Int+2 SInv}
                  | for 905 gold pieces
 27540 | Orc:2    | Bought a potion of might for 56 gold pieces
 27540 | Orc:2    | Bought a scroll of torment for 105 gold pieces
 27546 | Orc:2    | Bought a scroll of enchant weapon for 127 gold pieces
 27546 | Orc:2    | Bought a scroll of magic mapping for 59 gold pieces
 29327 | D:15     | Entered Level 15 of the Dungeon
 29461 | D:15     | Reached skill level 10 in Spellcasting
 29629 | D:15     | Reached XP level 16. HP: 48/99 MP: 30/30
 30057 | D:14     | Reached skill level 10 in Unarmed Combat
 30119 | D:15     | Reached skill level 10 in Dodging
 30830 | D:15     | Noticed a sphinx
 30830 | D:15     | a dire elephant changed into a sphinx
 30832 | D:15     | a sphinx changed into a frost giant
 30838 | D:15     | Noticed an azure jelly
 30838 | D:15     | a catoblepas changed into an azure jelly
 30839 | D:15     | an azure jelly changed into an emperor scorpion
 30991 | D:15     | Found a staircase to the Depths.
 31200 | D:15     | Bought an Inescapable Atlas for 544 gold pieces
 31206 | D:15     | Learned a level 5 spell: Manifold Assault
 31342 | Spider:1 | Entered Level 1 of the Spider Nest
 31379 | Spider:1 | Reached skill level 1 in Translocations
 32042 | Lair:2   | Reached skill level 5 in Translocations
 33200 | Spider:2 | Reached skill level 1 in Evocations
 35059 | Spider:3 | Reached XP level 17. HP: 106/106 MP: 12/31
 35136 | Spider:3 | Reached skill level 5 in Poison Magic
 35424 | Spider:3 | Reached skill level 5 in Shields
 35987 | Spider:4 | Entered Level 4 of the Spider Nest
 37915 | Orc:2    | Bought a ring of magical power for 280 gold pieces
 37927 | Orc:2    | Learned a level 7 spell: Storm Form
 37927 | Orc:2    | Bought a ring of wizardry for 420 gold pieces
 38075 | D:6      | Killed Maggie
 38076 | D:6      | Reached skill level 1 in Air Magic
 38119 | Temple   | Fell from the grace of Gozag
 38119 | Temple   | Became a worshipper of Cheibriados the Contemplative
 38265 | Elf:1    | Entered Level 1 of the Elven Halls
 38890 | Elf:1    | Reached * piety under Cheibriados
 39171 | Elf:1    | Reached skill level 5 in Air Magic
 39537 | Elf:1    | Reached ** piety under Cheibriados
 39744 | Elf:2    | Reached XP level 18. HP: 116/116 MP: 29/32
 39937 | Elf:2    | Found a runed translucent gate.
 39938 | Elf:2    | Found a runed translucent gate.
 39938 | Elf:2    | Found a runed translucent gate.
 40015 | Elf:2    | Noticed Donald
 40026 | Elf:2    | Killed Donald
 40131 | Elf:2    | Paralysed by an air elemental for 1 turns
 40165 | Elf:2    | Reached *** piety under Cheibriados
 40498 | Elf:2    | Found a portal to a secret trove of treasure.
 40775 | Elf:2    | Noticed a deep elf blademaster
 40865 | Elf:3    | Entered Level 3 of the Elven Halls
 41010 | Elf:3    | Reached skill level 10 in Air Magic
 41096 | Elf:3    | Identified the ring "Cenniel" {Contam Str+6 Int+6}
 41121 | Elf:3    | Reached **** piety under Cheibriados
 41559 | Elf:3    | Reached skill level 1 in Invocations
 41830 | Elf:3    | Reached ***** piety under Cheibriados
 42122 | Elf:3    | Paralysed by an air elemental for 1 turns
 42754 | Elf:3    | Identified the ring "Qeofylag" {rC+ Will++ Dex+3}
 42762 | Elf:3    | Reached skill level 5 in Invocations
 42817 | Elf:3    | Identified the +3 scale mail "Xuemekk" {Will+ Str+4 SInv}
 42817 | Elf:3    | Noticed a deep elf master archer
 42819 | Elf:3    | Killed a deep elf master archer
 42880 | Elf:3    | Noticed a deep elf blademaster
 42880 | Elf:3    | Identified the ring of Pupheim {rC+ Str+4 Stlth+}
 43320 | Elf:3    | Reached skill level 5 in Evocations
 43320 | Elf:3    | Reached XP level 19. HP: 110/120 MP: 29/33
 43965 | Elf:3    | Identified the +2 pair of boots of Ezaahy {Int+2}
 43983 | Elf:3    | Identified the +3 hunting sling "Nusit" {venom, Fragile
                  | Will- Int+7 Dex+4}
 44909 | Spider:4 | Got a gossamer rune of Zot
 45171 | Shoals:1 | Entered Level 1 of the Shoals
 45304 | Shoals:1 | Noticed Mlioglotl
 45323 | Shoals:1 | Killed Mlioglotl
 45598 | Shoals:1 | Was forgiven by Gozag
 45699 | Shoals:1 | Found Zageotixt's General Store.
 45709 | Shoals:1 | Bought a scroll of identify for 20 gold pieces
 46516 | Shoals:2 | Reached ****** piety under Cheibriados
 47870 | Shoals:3 | Noticed Polyphemus
 47876 | Shoals:3 | Killed Polyphemus
 48430 | Shoals:4 | Entered Level 4 of the Shoals
 48540 | Shoals:4 | Noticed Bai Suzhen
 48577 | Shoals:4 | Killed Bai Suzhen
 48839 | Shoals:4 | Reached XP level 20. HP: 99/130 MP: 35/35
 48986 | Shoals:4 | Got Ynibe's Grimoire of Unstable Enchantment
 48992 | Shoals:4 | Got a barnacled rune of Zot
 50166 | Depths:1 | Entered Level 1 of the Depths
 50575 | Depths:1 | Found a one-way gate leading to the halls of Pandemonium.
 51076 | Depths:1 | Found a gateway to Hell.
 51280 | Depths:1 | Found a runed translucent gate.
 51280 | Depths:1 | Found a runed translucent gate.
 51281 | Depths:1 | Found a runed translucent gate.
 51282 | Depths:1 | Noticed Rauxtam's ghost (veteran HuFi)
 51283 | Depths:1 | Identified the ring "Naim Diw" {rCorr Str+6 Stlth+}
 51283 | Depths:1 | Identified the +6 flail of the Spheres {venom, rElec rPois
                  | Dex+4}
 51283 | Depths:1 | Identified the +9 trident "Osmiebb" {flame, Will+ Str+7}
 51312 | Depths:1 | Found Zywkegog's Antique Weapon Boutique.
 51559 | Depths:1 | Found a runed translucent door.
 51592 | Depths:1 | Reached skill level 10 in Fighting
 51987 | Depths:2 | Found a one-way gate to the infinite horrors of the Abyss.
 52028 | Depths:2 | Noticed Asterion
 52030 | Depths:2 | Killed Asterion
 52064 | Depths:2 | You fall into a shaft and drop 1 floor!
 52245 | Depths:3 | Reached XP level 21. HP: 137/137 MP: 36/36
 53165 | Depths:3 | Identified the +9 hand axe "Omayfon" {vorpal, *Slow Will++}
 53373 | Depths:4 | Entered Level 4 of the Depths
 53969 | Depths:4 | Noticed a bone dragon
 53972 | Depths:4 | Killed a bone dragon
 54010 | Depths:4 | Found a gate to the Realm of Zot.
 54690 | Depths:4 | Noticed a bone dragon
 54692 | Depths:4 | Killed a bone dragon
 54870 | Hell     | Entered the Vestibule of Hell
 54870 | Hell     | Noticed Geryon
 54880 | Hell     | Killed Geryon
 54887 | Hell     | Noticed Murray
 54993 | Depths:2 | Reached XP level 22. HP: 143/143 MP: 37/39
 55441 | Elf:2    | You paid a toll of the horn of Geryon to enter a treasure
                  | trove
 55442 | Trove    | Entered a treasure trove
 55455 | Trove    | Got the Compendium of Supportive Darkness
 55463 | Trove    | Got Jyuto's Incunabulum of Flying Moulding
 55488 | Trove    | Got the Collected Works on Aerial Earth
 55494 | Trove    | Got the Disquisition on Enthralling Confrontation
 55515 | Trove    | Got the Guide on Supportive Orientation
 55518 | Trove    | Got Sif Muna's Catalogue of the Feathery Mountains
 55897 | Slime:1  | Entered Level 1 of the Pits of Slime
 56122 | Slime:1  | Reached skill level 15 in Unarmed Combat
 57904 | Slime:5  | Entered Level 5 of the Pits of Slime
 57926 | Slime:5  | Reached skill level 15 in Air Magic
 57940 | Slime:5  | Noticed the Royal Jelly
 58176 | Slime:5  | Killed the Royal Jelly
 58714 | Slime:5  | Identified the +0 chain mail of Tumpugh {rElec}
 58716 | Slime:5  | Got a slimy rune of Zot
 58749 | Slime:5  | Identified the ring "Wabbohe" {EV+4 Int+3 Stlth+}
 58820 | Slime:5  | Identified the ring "Kacyh" {Fly rPois Will+ Slay+2}
 59179 | Vaults:1 | Entered Level 1 of the Vaults
 59783 | Vaults:1 | You are sucked into a shaft and drop 1 floor!
 59799 | Vaults:2 | Reached XP level 23. HP: 148/148 MP: 41/41
 60015 | Vaults:2 | Found a staircase to the Crypt.
 60188 | Vaults:2 | Noticed Aizul
 60193 | Vaults:2 | Killed Aizul
 62982 | Vaults:3 | Noticed Xtahua
 62989 | Vaults:3 | Killed Xtahua
 64035 | Vaults:4 | Reached XP level 24. HP: 156/156 MP: 41/41
 64715 | Vaults:5 | Entered Level 5 of the Vaults
 65018 | Vaults:5 | Reached skill level 10 in Translocations
 65023 | Vaults:5 | Reached skill level 15 in Spellcasting
 65351 | Vaults:5 | Noticed a dread lich
 65355 | Vaults:5 | Killed a dread lich
 65361 | Vaults:5 | Noticed an ancient lich
 65364 | Vaults:5 | Killed an ancient lich
 65425 | Vaults:5 | Noticed an ancient lich
 65427 | Vaults:5 | Killed an ancient lich
 65480 | Vaults:5 | Reached XP level 25. HP: 154/171 MP: 42/43
 65567 | Vaults:5 | Noticed Frederick
 65572 | Vaults:5 | Killed Frederick
 65768 | Vaults:5 | Got a silver rune of Zot
 65773 | Vaults:5 | Got the Disquisition on Air
 66143 | Vaults:5 | Found Piucuehi's General Store.
 66144 | Vaults:5 | Found Keps's Magic Scroll Shoppe.
 66148 | Vaults:5 | Bought a scroll of amnesia for 73 gold pieces
 66152 | Vaults:5 | Bought a scroll of teleportation for 48 gold pieces
 66201 | Vaults:5 | Found Meehunum's Jewellery Shoppe.
 66202 | Vaults:5 | Found Qekol's Jewellery Shop.
 66851 | Depths:2 | Found a one-way gateway to a ziggurat.
 66852 | Depths:2 | Paralysed by a floating eye for 2 turns
 67296 | Depths:2 | Reached skill level 15 in Fighting
 67739 | Depths:2 | Voluntarily entered the Abyss.
 67833 | Abyss:4  | Found a corrupted altar of Lugonu.
 67869 | Abyss:4  | Identified the +1 scale mail of Pantheism {rPois rF++}
 67961 | Abyss:5  | Entered Level 5 of the Abyss
 67961 | Abyss:5  | Found a corrupted altar of Lugonu.
 67961 | Abyss:5  | Found a corrupted altar of Lugonu.
 68014 | Abyss:5  | Found a corrupted altar of Lugonu.
 68015 | Abyss:5  | Found a corrupted altar of Lugonu.
 68072 | Abyss:5  | Found a corrupted altar of Lugonu.
 68216 | Abyss:5  | Found a corrupted altar of Lugonu.
 68412 | Abyss:5  | Found a corrupted altar of Lugonu.
 68500 | Depths:2 | Escaped the Abyss
 68867 | Depths:2 | Voluntarily entered the Abyss.
 68869 | Abyss:1  | Noticed an ancient lich
 68872 | Abyss:1  | Killed an ancient lich
 68954 | Abyss:1  | Found a corrupted altar of Lugonu.
 69056 | Abyss:2  | Found a corrupted altar of Lugonu.
 69265 | Abyss:2  | Found a corrupted altar of Lugonu.
 69471 | Abyss:5  | Entered Level 5 of the Abyss
 69515 | Abyss:5  | Reached XP level 26. HP: 161/180 MP: 44/44
 69515 | Abyss:5  | Reached XP level 27. HP: 166/186 MP: 44/44
 69515 | Abyss:5  | Got an abyssal rune of Zot
 69521 | Depths:2 | Escaped the Abyss
 69571 | Hell     | Killed Murray
 69883 | Hell     | Found a gateway to the decaying netherworld of Tartarus.
 69938 | Hell     | Found a gateway to the freezing wastes of Cocytus.
 70059 | Hell     | Found a gateway to the Iron City of Dis.
 70105 | Hell     | Found a gateway to the ashen valley of Gehenna.
 70199 | Dis:1    | Entered Level 1 of the Iron City of Dis
 70241 | Dis:1    | Reached skill level 15 in Stealth
 70918 | Dis:7    | Entered Level 7 of the Iron City of Dis
 71669 | Dis:7    | Reached skill level 15 in Dodging
 71992 | Dis:7    | Noticed a juggernaut
 72002 | Dis:7    | Killed a juggernaut
 73247 | Temple   | Fell from the grace of Cheibriados
 73247 | Temple   | Became a worshipper of the Shining One
 73510 | Crypt:1  | Entered Level 1 of the Crypt
 73736 | Crypt:1  | Reached * piety under the Shining One
 73845 | Crypt:1  | Reached ** piety under the Shining One
 73872 | Crypt:1  | Reached *** piety under the Shining One
 74091 | Crypt:1  | Reached **** piety under the Shining One
 74205 | Crypt:1  | You are sucked into a shaft and drop 1 floor!
 74261 | Crypt:2  | Reached skill level 10 in Invocations
 74296 | Crypt:2  | Reached ***** piety under the Shining One
 74572 | Crypt:2  | Reached ****** piety under the Shining One
 74916 | Crypt:3  | Entered Level 3 of the Crypt
 75355 | Crypt:3  | Identified the +4 broad axe "Huat" {speed, rF++ rC- Str+3
                  | SInv}
 75580 | Crypt:3  | Found a staircase to the Tomb.
 75629 | Crypt:3  | Got Borgnjor's Reference Book on Darkness
 76263 | Crypt:3  | Found an ancient bone altar of Kikubaaqudgha.
 76639 | Crypt:3  | Identified the +11 falchion of the Unspeakable One {freeze,
                  | rElec rF+++ Str+4 Dex-3}
 76651 | Crypt:3  | Noticed an ancient lich
 76654 | Crypt:3  | Killed an ancient lich
 77050 | Crypt:3  | Identified the ring of Omituxzang {Wiz rCorr Str+4 Dex-4}
 77993 | Dis:7    | Mangled by an iron giant

Illustrated notes

Levels and vault maps discovered:
D:1:      nicolae_arrival_somewhat_less_tricky_arrival, layout_rooms
D:2:      minmay_recursive_quarters, layout_basic,
          hellmonk_ecumenical_altar_arch_garden
D:3:      layout_basic, lemuel_old_faithful
D:4:      layout_cave_pools, gup_sewer_entry_glass, uniq_grinder
D:5:      layout_loops_corners, lemuel_crystal_altar,
          nicolae_qazlal_general_emergency, mainiacjoe_overflow_brackets,
          hex_tiny, minmay_quadrilaterals
D:6:      layout_gridville, minmay_temple_entry_waves, serial_bayou_pond_a,
          uniq_maggie
D:7:      layout_loops_ring
D:8:      layout_basic, overflow_temple_1_default, jmf_multi_god_temple,
          uniq_maurice
D:9:      cheibrodos_frozen_isle, layout_basic, erik_orc_2
D:10:     layout_loops_ring, gammafunk_temple_overflow_elements,
          david_lair_shrubbed, eino_small_chamber_without_monster,
          hangedman_abyss_or_decor_stagger, lightli_church_of_beogh
D:11:     layout_cave_pods
D:12:     layout_loops_ring, water_boxes_lemuel
D:13:     minmay_four_partial_circles, layout_small_grid, david_vaults_4
D:14:     layout_basic, minmay_misc_feat_x
D:15:     gammafunk_enter_depths_forms, layout_loops_ring,
          grunt_decor_arrowhead, special_room [special_room_orc],
          roderic_batcave, minmay_fractal_squares_5
Temple:   jpeg_temple_clearing
Lair:1:   layout_small_grid, beast_lair_carwin_11, grunt_megastairs_2,
          infiniplex_staircase_pool
Lair:2:   layout_gridlike, shoals_dummy_entry, dummy_spider_entry,
          grunt_megastairs_5
Lair:3:   layout_loops_ring, serial_bayou_ford_a
Lair:4:   layout_regular_city, minivault_27, uniq_josephine
Lair:5:   layout_cave_pods
Lair:6:   minmay_lair_end_enchanted_forest, layout_cave_pods, slime_altar_1
Shoals:1: layout_shoals, serial_shops, nicolae_lakefront_shop, uniq_mlioglotl
Shoals:2: layout_shoals
Shoals:3: layout_shoals, uniq_polyphemus
Shoals:4: shoals_end_hellmonk_storm_palace [storm_palace_center_circular,
          storm_palace_corner_grid, storm_palace_corner_pillars,
          storm_palace_corner_narrow, storm_palace_corner_grid], uniq_bai_suzhen
Spider:1: layout_spider_delve
Spider:2: layout_spider_delve
Spider:3: layout_spider_delve
Spider:4: grunt_spider_rune_circles
Slime:1:  layout_caves, cheibrodos_slime_lost_civilization_7
Slime:2:  layout_caves
Slime:3:  cheibrodos_slime_lost_civilization_2, layout_caves
Slime:4:  layout_caves
Slime:5
Orc:1:    layout_diamond_mine, uniq_erica
Orc:2:    st_orc_open, layout_caves, uniq_nessos
Elf:1:    eino_elf_arrival_customs, layout_geoelf_diagonals, minivault_28
Elf:2:    nicolae_elf_blades_crystal_corner, layout_geoelf_diagonals,
          nicolae_trove_entry_path_of_doom, drop_trap, uniq_donald
Elf:3:    grunt_elf_hall_asides, layout_loops_corners, special_room
          [special_room_orc]
Vaults:1: nicolae_vaults_display_case, v_misc_25, vaults_standard_mumra_lines,
          nicolae_vaults_circle_grid_a, vaults_mumra_lcd, v_misc_19,
          nicolae_vaults_yaktaur_gun_rack, ontoclasm_vaults_gateway,
          ontoclasm_vaults_loading_screen, layout_vaults_ring
Vaults:2: ontoclasm_vaults_loading_screen, minmay_crypt_entry_simple_sparse,
          nicolae_vaults_twisting_passages, vaults_room_fancy_cross, v_misc_8,
          v_misc_9, hangedman_vaults_pinch, v_alt_pattern_6,
          grunt_vaults_twisty, v_pattern_1, vaults_dpeg_cross,
          layout_vaults_big_cross, uniq_aizul
Vaults:3: hangedman_vaults_hat, v_rooms_3,
          nicolae_vaults_windows_and_doors_thing, vaults_room_pools,
          hangedman_vaults_corner, hangedman_vaults_snaps, v_alt_pattern_1,
          nicolae_vaults_shelves_hall, v_misc_26, vaults_room_door_ring,
          ontoclasm_vaults_decontamination, layout_vaults_chaotic_city,
          uniq_xtahua
Vaults:4: st_squares, nicolae_vaults_big_angled_halls, v_misc_8,
          vaults_mumra_hexcomb, v_misc_27, v_pattern_4, ontoclasm_vaults_chip,
          hangedman_vaults_trim, hangedman_vaults_cutoff, layout_vaults_omnigrid
Vaults:5: uniq_frederick
Crypt:1:  layout_chaotic_city, lemuel_statue_altar, grunt_crypt_arrival_split
Crypt:2:  layout_catacombs, special_room [special_room_morgue]
Crypt:3:  quadcrypt_mu
Depths:1: layout_cave_pools, serial_shops, nicolae_take_the_stairs,
          pf_vacation_house_of_asmodeus, roderic_roman_lattice,
          rand_demon_pan_entry_8, gammafunk_ghost_tricky_traps,
          minmay_hidden_floor
Depths:2: kennysheep_cluttered_fort, layout_long_grid, enter_ziggurat_a,
          rand_demon_pan_entry_4, abyss_entry, pf_hell_entry_tar_spiral,
          uniq_asterion
Depths:3: minmay_eyes, layout_gridlike, rand_demon_pan_entry_5,
          abyss_entry_small_statue_room, hell_entry
Depths:4: grunt_zot_entry_pinwheel, layout_gridville, hell_entry,
          hangedman_abyss_or_decor_jellyfish_corner, kennysheep_random_hallway
Hell
Dis:1:    hangedman_iron_city_apartments
Dis:2:    layout_subdivisions
Dis:3:    layout_gridville, serial_glass, glass_columns_c, glass_columns_c,
          glass_columns_c, glass_columns_a, glass_columns_c, glass_columns_a
Dis:4:    layout_regular_city
Dis:5:    layout_gridville, nicolae_dis_having_a_grate_time
Dis:6:    layout_overlapping_boxes
Dis:7:    dis_st

Skill      XL: |  1  2  3  4  5  6  7  8  9 10 11 12 13 14 15 16 17 18 19 20 21 22 23 24 25 26 27 |
---------------+----------------------------------------------------------------------------------+-----
Stealth        | 3 4 6 10 12 13 14 16 | 16.0
Short Blades   | 1 2 4 |  4.0
Earth Magic    | 4 5 6 7 8 10 11 12 | 12.0
Transmutations | 3 4 6 7 8 10 11 14 16 17 18 | 18.0
Spellcasting   | 4 6 7 8 10 11 13 14 16 17 20 | 20.0
Fighting       | 2 4 5 6 8 9 10 13 15 18 | 18.0
Dodging        | 4 6 7 9 10 11 12 16 | 16.5
Unarmed Combat | 1 4 7 9 10 11 12 13 14 16 18 19 20 | 20.0
Poison Magic   | 4 6 |  6.0
Shields        | 4 6 |  6.0
Translocations | 8 10 | 10.0
Evocations     | 4 5 6 8 |  8.0
Air Magic      | 6 10 11 12 13 16 18 | 18.0
Invocations    | 6 8 10 | 10.6

Action                   |  1- 3 |  4- 6 |  7- 9 | 10-12 | 13-15 | 16-18 | 19-21 | 22-24 | 25-27 || total
-------------------------+-------+-------+-------+-------+-------+-------+-------+-------+-------++-------
Melee: Dagger            |    76 |   123 |   136 |   429 |   411 |   138 |    28 |     8 |    18 ||  1367
       Constrict         |    22 |    27 |    25 |    46 |   125 |    92 |     4 |     3 |     3 ||   347
       Tentacles         |    15 |    21 |    31 |   121 |   266 |   145 |     9 |     6 |     8 ||   622
       Punch             |     3 |     3 |     3 |    13 |    68 |    59 |    19 |    36 |   102 ||   306
       Trident           |       |       |       |    31 |       |       |       |       |       ||    31
       Unarmed           |       |       |       |       |   491 |   959 |   791 |   761 |  1264 ||  4266
       Tailslap          |       |       |       |       |     9 |     7 |       |       |       ||    16
       Bite              |       |       |       |       |     8 |    10 |       |       |       ||    18
       Staff             |       |       |       |       |       |       |    45 |    14 |    66 ||   125
Throw: Dart              |       |    12 |     5 |    16 |    26 |     4 |       |       |       ||    63
 Cast: Sandblast         |    18 |    37 |    50 |    74 |    69 |    10 |       |       |       ||   258
       Passwall          |       |     1 |    15 |     6 |    27 |     4 |     1 |       |     4 ||    58
       Petrify           |       |       |    22 |    80 |   122 |    30 |    24 |    11 |       ||   289
       Statue Form       |       |       |       |    17 |    52 |    35 |     1 |       |       ||   105
       Alistair's Intoxi |       |       |       |       |     7 |     1 |     1 |       |       ||     9
       Dragon Form       |       |       |       |       |     5 |    31 |       |       |       ||    36
       Manifold Assault  |       |       |       |       |       |   346 |   436 |   262 |   411 ||  1455
       Storm Form        |       |       |       |       |       |    30 |    82 |    67 |   109 ||   288
Invok: Call Merchant     |       |       |       |       |     2 |     3 |       |       |       ||     5
       Temporal Distorti |       |       |       |       |       |     2 |     1 |       |     2 ||     5
       Slouch            |       |       |       |       |       |       |       |       |     2 ||     2
 Abil: End Transformatio |       |       |       |       |    17 |    10 |    10 |     3 |     8 ||    48
       Evoke Blink       |       |       |       |       |       |     5 |     2 |     1 |     4 ||    12
       Breathe Fire      |       |       |       |       |       |     3 |       |       |       ||     3
       Blinkbolt         |       |       |       |       |       |       |    25 |    42 |    44 ||   111
Evoke: Wand              |       |       |       |    14 |     4 |     1 |     1 |     1 |     2 ||    23
       Lightning rod     |       |       |       |       |     6 |       |       |       |       ||     6
       Condenser vane    |       |       |       |       |     2 |       |       |       |       ||     2
       Tin of tremorston |       |       |       |       |       |       |       |     1 |     1 ||     2
       Box of beasts     |       |       |       |       |       |       |       |       |     1 ||     1
  Use: Scroll            |       |       |       |     9 |    15 |    13 |     6 |     2 |     6 ||    51
       Potion            |       |       |       |       |     3 |     3 |       |     4 |     4 ||    14
 Stab: Sleeping          |    11 |    18 |    18 |    11 |    31 |    18 |     8 |    11 |     9 ||   135
       Petrified         |       |       |    39 |   126 |   110 |    36 |    29 |    10 |       ||   350
       Distracted        |       |       |     2 |     7 |     9 |     2 |     1 |     3 |     5 ||    29
       Petrifying        |       |       |       |     4 |     8 |     3 |     2 |     2 |     1 ||    20
       Confused          |       |       |       |       |     5 |     2 |       |       |       ||     7
Armor: Skin              |     8 |     9 |     6 |   171 |   591 |   477 |    51 |    55 |   129 ||  1497
Dodge: Dodged            |    46 |    84 |    78 |   304 |  1135 |   759 |   284 |   288 |   777 ||  3755
Block: Buckler           |       |       |       |       |   174 |   319 |     3 |       |       ||   496
       Reflection        |       |       |       |       |     6 |     1 |     1 |       |       ||     8
